 Dungeon Crawl Stone Soup version 0.27.1-4-g1640c2035a (webtiles) character file.

Game seed: 9920172486907169980

104 Yllest the Grave Robber (level 4, -2/24 HPs)
             Began as a Deep Elf Necromancer on Nov 16, 2021.
             Was a Follower of Okawaru.
             Slain by a gnoll (15 damage)
             ... on level 3 of the Dungeon.
             The game lasted 00:07:05 (2860 turns).

Yllest the Grave Robber (Deep Elf Necromancer)      Turns: 2860, Time: 00:07:06

Health: -2/24      AC:  3    Str:  5    XL:     4   Next: 52%
Magic:  4/11       EV:  7    Int: 21    God:    Okawaru [*.....]
Gold:   185        SH:  0    Dex: 15    Spells: 5/10 levels left

rFire    . . .     SeeInvis .   j - +1 dagger (speed)
rCold    . . .     Faith    .   (no shield)
rNeg     . . .     Spirit   .   a - +0 robe
rPois    .         Reflect  .   (no helmet)
rElec    .         Harm     .   m - +0 cloak
rCorr    .         Rampage  .   (no gloves)
Will     .....                  (no boots)
Stlth    ++........             (no amulet)
HPRegen  0.08/turn              (no ring)
MPRegen  0.12/turn              (no ring)

@: held
A: no striking features
a: Renounce Religion, Heroism


You were on level 3 of the Dungeon.
You worshipped Okawaru.
Okawaru was aware of your devotion.
You visited 1 branch of the dungeon, and saw 3 of its levels.

You collected 185 gold pieces.

Inventory:

Hand Weapons
 j - a +1 dagger of speed (weapon)
Armour
 a - a +0 robe (worn)
 l - a scarf of harm
 m - a +0 cloak (worn)
Scrolls
 h - a scroll of silence {unknown}
 i - a scroll of noise {unknown}
Potions
 b - a potion of flight {unknown}
 d - a potion of degeneration {unknown}
 e - a potion of heal wounds {unknown}
 f - a potion of cancellation {unknown}
 k - a potion of attraction {unknown}


   Skills:
 + Level 0.1 Short Blades
 * Level 3.2 Dodging
 + Level 2.5 Stealth
 + Level 3.8 Spellcasting
 * Level 6.4 Necromancy


You had 5 spell levels left.
You knew the following spells:

 Your Spells              Type           Power      Damage    Failure   Level
a - Pain                  Necr           100%       1d9       1%          1
b - Animate Skeleton      Necr           60%        N/A       1%          1
c - Vampiric Draining     Necr           15%        2d8       2%          3

Your spell library contained the following spells:

 Spells                   Type           Power      Damage    Failure   Level
 Animate Dead             Necr           15%        N/A       9%          4
 Agony                    Necr           30%        N/A       24%         5


Dungeon Overview and Level Annotations

Branches:
Dungeon (3/15)

Altars:
Okawaru


Message History

3 gnolls come into view.
Found a stone staircase leading up.
The gnoll shouts!
You hear an angry hiss.
A frilled lizard comes into view.
The gnoll throws a throwing net.
The throwing net hits you.
You become entangled in the net!
The gnoll moves out of view.
You see here a throwing net.
Aiming: Pain (safe; 1% risk of failure)
Press: ? - help, Q - select action, (/) - cycle Shift-Dir - straight line, f - gnoll
Aim: a gnoll, wielding a +0 whip (chance to affect: 89%)
The gnoll writhes in agony.
The gnoll shouts!
Aiming: Pain (safe; 1% risk of failure)
Press: ? - help, Q - select action, (/) - cycle Shift-Dir - straight line, f/p - gnoll
Aim: a gnoll, wielding a +0 whip (moderately wounded, chance to affect: 89%)
The gnoll writhes in agony!
Aiming: Pain (safe; 1% risk of failure)
Press: ? - help, Q - select action, (/) - cycle Shift-Dir - straight line, f/p - gnoll
Aim: a gnoll, wielding a +0 whip (almost dead, chance to affect: 89%)
The gnoll writhes in agony.
You kill the gnoll!
Okawaru accepts your kill.
Aiming: Pain (safe; 1% risk of failure)
Press: ? - help, Q - select action, (/) - cycle Shift-Dir - straight line, f - gnoll
Aim: a gnoll, wielding a +0 club (chance to affect: 89%)
The gnoll writhes in agony.
Aiming: Pain (safe; 1% risk of failure)
Press: ? - help, Q - select action, (/) - cycle Shift-Dir - straight line, f/p - gnoll
Aim: a gnoll, wielding a +0 club (heavily wounded, chance to affect: 89%)
The gnoll writhes in agony.
Aiming: Pain (safe; 1% risk of failure)
Press: ? - help, Q - select action, (/) - cycle Shift-Dir - straight line, f/p - gnoll
Aim: a gnoll, wielding a +0 club (severely wounded, chance to affect: 89%)
The gnoll writhes in agony.
The gnoll hits you from afar with a +0 halberd.
The gnoll hits you with a +0 club.
You struggle against the net.
The gnoll hits you from afar with a +0 halberd!
Ouch! That really hurt!
You die...

...# ####... #
...... .. #<...
..# ...l .. #
#g.#.#..#
#g.)..... #@.#
#.......#
............#
..###.#......##
#.#..#####
.....# #. #...
#. #..#


You could see 2 gnolls and a frilled lizard.

Vanquished Creatures
  Jessica (D:2)
  A gnoll (D:3)
  2 adders
  2 worms (D:2)
  A dart slug (D:1)
  4 bats (D:1)
  2 endoplasms (D:2)
  A giant cockroach (D:2)
  A goblin (D:2)
  4 hobgoblins (D:2)
  11 jackals
  5 kobolds
  2 ball pythons
  2 frilled lizards (D:1)
  2 rats (D:2)
41 creatures vanquished.

Vanquished Creatures (others)
  A plant (D:1)
  5 toadstools (D:1)
6 creatures vanquished.

Grand Total: 47 creatures vanquished

Notes
Turn   | Place    | Note
-------+----------+-------------------------------------------
     0 | D:1      | Yllest the Deep Elf Necromancer began the quest for the
                  | Orb.
     0 | D:1      | Reached XP level 1. HP: 10/10 MP: 6/6
    14 | D:1      | Reached skill level 5 in Necromancy
   144 | D:1      | Learned a level 1 spell: Animate Skeleton
   149 | D:1      | Reached XP level 2. HP: 11/15 MP: 4/8
   870 | D:1      | Found a faded altar of an unknown god.
   880 | D:1      | Became a worshipper of Warmaster Okawaru
   880 | D:1      | Reached * piety under Okawaru
  1190 | D:1      | Reached XP level 3. HP: 2/19 MP: 3/9
  1473 | D:2      | Learned a level 3 spell: Vampiric Draining
  1631 | D:2      | Noticed Jessica
  1637 | D:2      | Killed Jessica
  1638 | D:2      | Reached skill level 6 in Necromancy
  1640 | D:2      | Reached XP level 4. HP: 18/24 MP: 4/11
  1731 | D:2      | HP: 1/24 [worm (10)]
  2860 | D:3      | Slain by a gnoll

Illustrated notes

Levels and vault maps discovered:
D:1:      dpeg_arrival_tiny_g, layout_basic,
          shapermc_ecumenical_altar_flowoftime, minmay_gold_behind_fungi,
          minmay_misc_feat_diagonals, minmay_pentomino_x4
D:2:      layout_loops_ring, uniq_jessica
D:3:      layout_loops_ring, serial_shops, nicolae_lakefront_shop

Skill      XL: |  1  2  3 |
---------------+----------+-----
Necromancy     | 5 6 |  6.4
Dodging        | 3 |  3.2
Short Blades   | |  0.1
Stealth        | |  2.5
Spellcasting   | |  3.8

Action                   |  1- 3 |  4- 6 || total
-------------------------+-------+-------++-------
Melee: Unarmed           |     3 |       ||     3
       Dagger            |       |     8 ||     8
 Cast: Pain              |    38 |    44 ||    82
       Animate Skeleton  |       |     1 ||     1
  Use: Scroll            |       |     2 ||     2
Armor: Robe              |     5 |     1 ||     6
Dodge: Dodged            |    10 |    10 ||    20
